Map: King Sejong Station LE

Players

Fropez

  • Race: Protoss Protoss
  • League: Gold
  • Spawn Location: 5:00

Maestroke - Winner!

  • Race: Protoss Protoss
  • League: Gold
  • Spawn Location: 11:00

VOD

Have the link to the VOD?

Description

Time

  • Played on: Oct. 22, 2016, 8:11 p.m.
  • Length: 13:59
Show
View Real Time Build Order
Export as new Build Order

Fropez Protoss 

Build Orders:  

Get SALT Encoding   

  12  0:01  Probe (Chrono Boost)  
  13  0:13  Pylon  
  13  0:18  Probe (Chrono Boost)  
  14  0:25  Assimilator  
  14  0:28  Probe (Chrono Boost)  
  15  0:40  Gateway  
  15  0:43  Probe (Chrono Boost)  
  16  0:55  Probe (Chrono Boost)  
  17  1:06  Probe (Chrono Boost)  
  18  1:12  Gateway  
  18  1:16  Probe (Chrono Boost)  
  19  1:27  Probe (Chrono Boost)  
  20  1:37  Probe (Chrono Boost)  
  21  1:42  Cybernetics Core  
  21  1:48  Probe (Chrono Boost), Assimilator  
  22  1:55  Pylon  
  22  1:58  Probe (Chrono Boost)  
  22  2:09  Probe (Chrono Boost)  
  23  2:16  Gateway  
  25  2:23  Mothership Core (Chrono Boost)  
  25  2:24  Warp Gate (Chrono Boost)  
  25  2:29  Adept x2  
  29  2:44  Pylon  
  29  2:48  Probe  
  30  3:00  Probe  
  30  3:02  Adept x2  
  30  3:03  Stalker  
  37  3:31  Probe  
  37  3:43  Probe  
  36  3:54  Nexus  
  36  3:55  Probe  
  35  3:57  Pylon  
  35  3:59  Pylon  
  35  4:01  Pylon  
  35  4:07  Probe  
  36  4:19  Probe  
  33  4:31  Probe  
  34  4:43  Probe  
  34  4:44  Stalker x3  
  41  4:55  Probe  
  42  5:01  Twilight Council  
  42  5:05  Probe  
  43  5:07  Probe  
  43  5:12  Pylon  
  44  5:15  Probe  
  44  5:17  Assimilator  
  44  5:19  Probe  
  44  5:20  Assimilator  
  46  5:31  Gateway  
  46  5:32  Probe  
  46  5:33  Probe  
  48  5:37  Stalker x2  
  52  5:42  Probe  
  52  5:45  Probe  
  52  5:48  Stalker  
  56  5:50  Blink (Chrono Boost)  
  54  5:57  Probe  
  54  5:58  Probe  
  56  6:04  Pylon  
  56  6:07  Probe  
  56  6:10  Probe  
  58  6:15  Adept x2  
  58  6:16  Adept  
  58  6:18  Probe  
  64  6:22  Probe  
  66  6:28  Probe  
  67  6:33  Gateway  
  67  6:35  Probe  
  68  6:42  Stalker x4  
  76  6:50  Probe  
  76  6:51  Probe  
  78  7:05  Gateway  
  78  7:07  Probe  
  78  7:08  Probe  
  80  7:13  Gateway  
  80  7:17  Probe  
  81  7:25  Stalker x4  
  89  7:51  Stalker x2  
  93  8:03  Pylon  
  93  8:05  Pylon  
  93  8:07  Pylon  
  93  8:11  Pylon  
  93  8:15  Pylon  
  93  8:22  Pylon, Stalker x4  
  92  8:57  Adept x5  
  92  8:58  Adept x2  
  96  9:25  Adept x3  
  96  9:26  Adept x4  
  90  10:12  Nexus  
  90  10:13  Pylon  
  78  10:15  Pylon  
  78  10:17  Stalker x2  
  78  10:18  Stalker x5  
  78  10:20  Forge  
  78  10:21  Forge  
  92  10:31  Probe  
  93  10:45  Stalker x3  
  93  10:46  Pylon, Dark Shrine, Stalker x4  
  107  10:54  Protoss Ground Weapons Level 1 (Chrono Boost), Protoss Ground Armor Level 1 (Chrono Boost)  
  106  11:09  Probe x2  
  73  11:26  Stalker x4  
  73  11:27  Stalker  
  64  11:48  Stalker x2  
  62  12:07  Stalker x3  
  66  12:12  Mothership Core  
  68  12:17  Dark Templar  
  70  12:30  Dark Templar x2  
  74  12:37  Dark Templar x2  
  78  12:52  Probe x2  
  80  13:04  Probe  
Show
View Real Time Build Order
Export as new Build Order

Maestroke Protoss - Winner!

Build Orders:  

Get SALT Encoding   

  12  0:00  Probe (Chrono Boost)  
  13  0:11  Probe (Chrono Boost)  
  14  0:19  Pylon  
  14  0:23  Probe (Chrono Boost)  
  15  0:37  Probe (Chrono Boost)  
  15  0:39  Gateway  
  16  0:48  Probe (Chrono Boost)  
  16  0:49  Assimilator  
  17  0:58  Probe (Chrono Boost)  
  18  1:12  Gateway  
  18  1:22  Probe (Chrono Boost)  
  18  1:24  Assimilator  
  19  1:26  Pylon  
  19  1:33  Cybernetics Core  
  19  1:49  Probe (Chrono Boost)  
  20  2:00  Probe (Chrono Boost)  
  21  2:13  Warp Gate  
  21  2:14  Adept x2  
  21  2:15  Probe (Chrono Boost)  
  26  2:23  Pylon  
  26  2:27  Mothership Core (Chrono Boost)  
  28  2:42  Stalker x2  
  32  2:45  Probe (Chrono Boost)  
  33  2:56  Probe (Chrono Boost)  
  34  3:13  Nexus  
  34  3:26  Probe (Chrono Boost)  
  35  3:29  Stargate  
  33  3:57  Probe (Chrono Boost), Gateway  
  34  4:06  Robotics Facility  
  34  4:08  Probe (Chrono Boost)  
  33  4:27  Probe (Chrono Boost)  
  33  4:28  Probe (Chrono Boost)  
  34  4:33  Pylon, Oracle  
  34  4:37  Probe (Chrono Boost)  
  38  4:39  Probe (Chrono Boost)  
  39  4:48  Probe (Chrono Boost)  
  39  4:49  Probe (Chrono Boost)  
  39  4:52  Sentry x2  
  45  4:57  Observer  
  45  4:58  Probe (Chrono Boost)  
  48  5:00  Probe (Chrono Boost)  
  48  5:05  Adept  
  50  5:09  Probe (Chrono Boost)  
  50  5:10  Probe (Chrono Boost)  
  52  5:19  Probe (Chrono Boost)  
  53  5:29  Stalker  
  53  5:30  Stalker x2  
  53  5:34  Twilight Council  
  59  5:40  Probe x2 (Chrono Boost)  
  61  5:50  Probe (Chrono Boost)  
  62  6:09  Pylon  
  62  6:11  Pylon  
  62  6:12  Blink (Chrono Boost)  
  62  6:18  Assimilator  
  62  6:23  Pylon  
  62  6:26  Probe  
  62  6:27  Probe  
  64  6:36  Probe  
  64  6:39  Probe  
  66  6:47  Stalker x3  
  66  6:49  Immortal  
  76  6:56  Gateway  
  76  6:58  Gateway  
  76  7:11  Stalker  
  76  7:12  Stalker x2  
  82  7:20  Probe  
  82  7:21  Probe  
  84  7:37  Nexus  
  84  7:38  Pylon  
  84  7:41  Pylon  
  84  7:58  Pylon  
  84  8:09  Stalker x3  
  90  8:54  Stalker x3  
  96  8:57  Immortal (Chrono Boost)  
  100  9:03  Probe x2  
  100  9:04  Probe  
  100  9:05  Robotics Bay  
  100  9:08  Assimilator  
  103  9:12  Forge  
  103  9:13  Probe  
  103  9:16  Probe  
  99  9:32  Immortal (Chrono Boost)  
  100  9:48  Protoss Ground Weapons Level 1 (Chrono Boost)  
  92  10:20  Probe x2  
  93  10:21  Probe  
  93  10:23  Stalker x5  
  105  10:33  Probe x2  
  105  10:34  Probe  
  108  10:44  Probe x2  
  108  10:45  Probe  
  108  10:49  Pylon  
  100  11:25  Stalker x5  
  108  11:35  Gateway  
  108  11:36  Gateway  
  96  11:48  Immortal  
  96  11:52  Probe  
  96  11:53  Probe  
  101  11:54  Probe  
  103  12:03  Probe  
  103  12:06  Probe  
  101  12:18  Stalker x2  
  101  12:19  Stalker x3  
  111  12:27  Immortal  
  111  12:31  Stalker  
  111  12:32  Stalker  
  115  12:46  Pylon  
  115  12:47  Adept x5  
  115  12:49  Pylon  
  125  12:53  Pylon  
  123  13:10  Observer (Chrono Boost)  
  115  13:47  Stalker x4  
  115  13:58  Pylon  
Tags
 
Add a new tag
Caveats
  • Supply blocks, unpowered buildings, or Contaminate may cause inaccurate times.
  • Supply counts are checked every 10 seconds.